| TOP OF THE 1ST |
|
New Hampshire Fisher Cats batting - Pitching for Arkansas Travelers : RHP Robbie Delgado
|
|
Pitching: RHP Robbie Delgado
|
|
|
Batting: SHB Spencer Jones
|
0-0: Ball 1-0: SINGLE (Flyball, 78S, EV 92.5 MPH)
|
|
Batting: RHB Donny Burnside
|
0-0: Ball 1-0: Foul Ball, location: 2F 1-1: Ball 2-1: Ball 3-1: Foul Ball, location: 2F 3-2: SINGLE (Groundball, 56D, EV 105.6 MPH) Spencer Jones to second
|
|
Batting: LHB Jose Bregaro
|
0-0: Swinging Strike 0-1: Fly out, F5 (Popup, 56S, EV 76.3 MPH)
|
|
Batting: RHB Eddie LaRose
|
0-0: Ball 1-0: Foul Ball, location: 2F 1-1: Ball 2-1: SINGLE (Line Drive, 34, EV 95.0 MPH) Spencer Jones to third Donny Burnside to second
|
|
Batting: SHB Eduardo Maldonado
|
0-0: Called Strike 0-1: Ball 1-1: Foul Ball, location: 2F 1-2: SINGLE (Groundball, 56D, EV 103.8 MPH) Spencer Jones scores Donny Burnside to third Eddie LaRose to second
|
|
Batting: RHB Greg Callaghan
|
0-0: Called Strike 0-1: Ball 1-1: Foul Ball, location: 2F 1-2: Ball 2-2: Ball 3-2: Fly out, F2 (Popup, 3SF, EV 81.3 MPH)
|
|
Batting: RHB Porter Welsh
|
0-0: Called Strike 0-1: Called Strike 0-2: Ball 1-2: Foul Ball, location: 2F 1-2: Ball 2-2: Ball 3-2: Foul Ball, location: 2F 3-2: Ground out 5-3 (Groundball, 5, EV 86.9 MPH)
|
| Top of the 1st over - 1 run, 4 hits, 0 errors, 3 left on base; New Hampshire 1 - Arkansas 0 |
| BOTTOM OF THE 1ST |
|
Arkansas Travelers batting - Pitching for New Hampshire Fisher Cats : RHP Cody Walsh
|
|
Pitching: RHP Cody Walsh
|
|
|
Batting: LHB Tyler Meier
|
0-0: Called Strike 0-1: Called Strike 0-2: Ball 1-2: Fly out, F8 (Flyball, 8LM, EV 83.8 MPH)
|
|
Batting: RHB Bjoern Waltersson
|
0-0: Ball 1-0: Ball 2-0: Ground out 1-3 (Groundball, 15S, EV 75.6 MPH)
|
|
Batting: RHB Andres Mendiola
|
0-0: Foul Ball, location: 2F 0-1: Ball 1-1: Ground out 4-3 (Groundball, 4, EV 104.4 MPH)
|
| Bottom of the 1st over - 0 runs, 0 hits, 0 errors, 0 left on base; New Hampshire 1 - Arkansas 0 |
| TOP OF THE 2ND |
|
New Hampshire Fisher Cats batting - Pitching for Arkansas Travelers : RHP Robbie Delgado
|
|
Batting: RHB Jorge Baret
|
0-0: Ball 1-0: Ground out 1-3 (Groundball, 15S, EV 68.1 MPH)
|
|
Batting: RHB Cyril Husson
|
0-0: Ball 1-0: Ball 2-0: DOUBLE (Line Drive, 9LS, EV 101.9 MPH)
|
|
Batting: SHB Spencer Jones
|
0-0: Foul Ball, location: 2F 0-1: Ball 1-1: Ball Cyril Husson steals 3rd base 2-1: Ground out 4-3 (Groundball, 4, EV 86.3 MPH) Cyril Husson scores
|
|
Batting: RHB Donny Burnside
|
0-0: Ball 1-0: Called Strike 1-1: Ball 2-1: SINGLE (Groundball, 56S, EV 72.5 MPH) (infield hit)
|
|
Batting: LHB Jose Bregaro
|
0-0: Called Strike Donny Burnside steals 2nd base 0-1: SINGLE (Groundball, 34, EV 107.5 MPH) (infield hit) Donny Burnside to third
|
|
Batting: RHB Eddie LaRose
|
0-0: Ball 1-0: Called Strike 1-1: Ground out 4-3 (Groundball, 4, EV 88.8 MPH)
|
| Top of the 2nd over - 1 run, 3 hits, 0 errors, 2 left on base; New Hampshire 2 - Arkansas 0 |
| BOTTOM OF THE 2ND |
|
Arkansas Travelers batting - Pitching for New Hampshire Fisher Cats : RHP Cody Walsh
|
|
Batting: SHB Mario Padron
|
0-0: Ball 1-0: Reached on error, E4 (Groundball, 4, EV 83.8 MPH)
|
|
Batting: RHB Jasper Burd
|
0-0: Ball 1-0: Called Strike 1-1: Swinging Strike 1-2: Ball 2-2: Ball 3-2: Ground out 3-1 (Groundball, 34, EV 91.3 MPH) Mario Padron to third
|
|
Batting: RHB Luis Romero
|
0-0: Swinging Strike 0-1: Swinging Strike 0-2: Strikes out swinging
|
|
Batting: LHB Matt Calitri
|
0-0: Called Strike 0-1: Foul Ball, location: 2F 0-2: Ball 1-2: Ground out 5-3 (Groundball, 56S, EV 71.3 MPH)
|
| Bottom of the 2nd over - 0 runs, 0 hits, 1 error, 1 left on base; New Hampshire 2 - Arkansas 0 |
| TOP OF THE 3RD |
|
New Hampshire Fisher Cats batting - Pitching for Arkansas Travelers : RHP Robbie Delgado
|
|
Batting: SHB Eduardo Maldonado
|
0-0: Foul Ball, location: 2F 0-1: Ball 1-1: Ball 2-1: Foul Ball, location: 2F 2-2: Foul Ball, location: 2F 2-2: Foul Ball, location: 2F 2-2: SINGLE (Flyball, 78S, EV 93.1 MPH)
|
|
Batting: RHB Greg Callaghan
|
0-0: Ball Eduardo Maldonado steals 2nd base 1-0: Ball 2-0: Foul Ball, location: 2F 2-1: Foul Ball, location: 2F 2-2: Ground out 5-3 (Groundball, 56, EV 76.9 MPH)
|
|
Batting: RHB Porter Welsh
|
0-0: Ball 1-0: Ball 2-0: Foul Ball, location: 2F 2-1: Swinging Strike 2-2: Ground out U3 (Groundball, 3, EV 96.9 MPH) Eduardo Maldonado to third
|
|
Batting: RHB Jorge Baret
|
0-0: Ball 1-0: Fly out, F7 (Line Drive, 7D, EV 93.8 MPH)
|
| Top of the 3rd over - 0 runs, 1 hit, 0 errors, 1 left on base; New Hampshire 2 - Arkansas 0 |
| BOTTOM OF THE 3RD |
|
Arkansas Travelers batting - Pitching for New Hampshire Fisher Cats : RHP Cody Walsh
|
|
Batting: LHB Sean Corderman
|
0-0: Swinging Strike 0-1: Ball 1-1: Ball 2-1: Foul Ball, location: 2F 2-2: Foul Ball, location: 2F 2-2: Ground out 6-3 (Groundball, 4, EV 103.8 MPH)
|
|
Batting: RHB David Young
|
0-0: DOUBLE (Flyball, 89D, EV 98.1 MPH)
|
|
Batting: LHB Tyler Meier
|
0-0: Ball 1-0: Foul Ball, location: 2F 1-1: Fly out, F7 (Flyball, 7LM, EV 83.8 MPH)
|
|
Batting: RHB Bjoern Waltersson
|
0-0: Ball 1-0: Ground out 6-3 (Groundball, 6, EV 81.3 MPH)
|
| Bottom of the 3rd over - 0 runs, 1 hit, 0 errors, 1 left on base; New Hampshire 2 - Arkansas 0 |
| TOP OF THE 4TH |
|
New Hampshire Fisher Cats batting - Pitching for Arkansas Travelers : RHP Robbie Delgado
|
|
Batting: RHB Cyril Husson
|
0-0: Ball 1-0: Swinging Strike 1-1: Called Strike 1-2: Ball 2-2: Ball 3-2: Foul Ball, location: 2F 3-2: Strikes out swinging
|
|
Pitching: RHP Chad Baxter
|
|
|
Batting: SHB Spencer Jones
|
0-0: Ball 1-0: Called Strike 1-1: Called Strike 1-2: Foul Ball, location: 2F 1-2: Fly out, F8 (Line Drive, 8LD, EV 90.0 MPH)
|
|
Batting: RHB Donny Burnside
|
0-0: Called Strike 0-1: Ball 1-1: Foul Ball, location: 2F 1-2: Ball 2-2: Ball 3-2: Base on Balls
|
|
Batting: LHB Jose Bregaro
|
0-0: Called Strike Donny Burnside steals 2nd base 0-1: Fly out, F7 (Flyball, 7, EV 85.0 MPH)
|
| Top of the 4th over - 0 runs, 0 hits, 0 errors, 1 left on base; New Hampshire 2 - Arkansas 0 |
| BOTTOM OF THE 4TH |
|
Arkansas Travelers batting - Pitching for New Hampshire Fisher Cats : RHP Cody Walsh
|
|
Batting: RHB Andres Mendiola
|
0-0: Foul Ball, location: 2F 0-1: Ground out U3 (Groundball, 3, EV 86.9 MPH)
|
|
Batting: SHB Mario Padron
|
0-0: Ground out U3 (Groundball, 3, EV 88.1 MPH)
|
|
Batting: RHB Jasper Burd
|
0-0: Called Strike 0-1: Ball 1-1: Called Strike 1-2: Foul Ball, location: 2F 1-2: Ball 2-2: SINGLE (Flyball, 4D, EV 90.0 MPH)
|
|
Batting: RHB Luis Romero
|
0-0: Called Strike 0-1: Ball 1-1: Foul Ball, location: 2F 1-2: Ball 2-2: Strikes out swinging
|
| Bottom of the 4th over - 0 runs, 1 hit, 0 errors, 1 left on base; New Hampshire 2 - Arkansas 0 |
| TOP OF THE 5TH |
|
New Hampshire Fisher Cats batting - Pitching for Arkansas Travelers : RHP Chad Baxter
|
|
Batting: RHB Eddie LaRose
|
0-0: Ball 1-0: Ball 2-0: Ground out 5-3 (Groundball, 56, EV 103.1 MPH)
|
|
Batting: SHB Eduardo Maldonado
|
0-0: Called Strike 0-1: Swinging Strike 0-2: Strikes out looking
|
|
Batting: RHB Greg Callaghan
|
0-0: Swinging Strike 0-1: Ball 1-1: Ground out 6-3 (Groundball, 6M, EV 93.1 MPH)
|
| Top of the 5th over - 0 runs, 0 hits, 0 errors, 0 left on base; New Hampshire 2 - Arkansas 0 |
| BOTTOM OF THE 5TH |
|
Arkansas Travelers batting - Pitching for New Hampshire Fisher Cats : RHP Cody Walsh
|
|
Batting: LHB Matt Calitri
|
0-0: DOUBLE (Line Drive, 9LS, EV 107.5 MPH)
|
|
Batting: LHB Sean Corderman
|
0-0: Called Strike Balk! Matt Calitri to third 0-1: Called Strike 0-2: Ball 1-2: Ball 2-2: Strikes out swinging
|
|
Batting: RHB David Young
|
0-0: Called Strike 0-1: Ground out 5-3 (Groundball, 56, EV 80.6 MPH) Matt Calitri scores
|
|
Batting: LHB Tyler Meier
|
0-0: Called Strike 0-1: Ball 1-1: Ball 2-1: Called Strike 2-2: Fly out, F6 (Popup, 6M, EV 60.0 MPH)
|
| Bottom of the 5th over - 1 run, 1 hit, 0 errors, 0 left on base; New Hampshire 2 - Arkansas 1 |
| TOP OF THE 6TH |
|
New Hampshire Fisher Cats batting - Pitching for Arkansas Travelers : RHP Chad Baxter
|
|
Batting: RHB Porter Welsh
|
0-0: Called Strike 0-1: Swinging Strike 0-2: Ball 1-2: Ball 2-2: Foul Ball, location: 2F 2-2: Fly out, F8 (Flyball, 8LD, EV 103.8 MPH)
|
|
Batting: RHB Jorge Baret
|
0-0: Called Strike 0-1: Ground out 6-3 (Groundball, 56, EV 85.6 MPH)
|
|
Batting: RHB Cyril Husson
|
0-0: Called Strike 0-1: Swinging Strike 0-2: Strikes out looking
|
| Top of the 6th over - 0 runs, 0 hits, 0 errors, 0 left on base; New Hampshire 2 - Arkansas 1 |
| BOTTOM OF THE 6TH |
|
Arkansas Travelers batting - Pitching for New Hampshire Fisher Cats : RHP Cody Walsh
|
|
Batting: RHB Bjoern Waltersson
|
0-0: Ball 1-0: Called Strike 1-1: Called Strike 1-2: Ground out 6-3 (Groundball, 6, EV 86.9 MPH)
|
|
Batting: RHB Andres Mendiola
|
0-0: Called Strike 0-1: Fly out, F5 (Popup, 5F, EV 67.5 MPH)
|
|
Batting: SHB Mario Padron
|
0-0: Ball 1-0: Ball 2-0: Swinging Strike 2-1: Ball 3-1: Foul Ball, location: 2F 3-2: Fly out, F3 (Popup, 3SF, EV 83.1 MPH)
|
| Bottom of the 6th over - 0 runs, 0 hits, 0 errors, 0 left on base; New Hampshire 2 - Arkansas 1 |
| TOP OF THE 7TH |
|
New Hampshire Fisher Cats batting - Pitching for Arkansas Travelers : RHP Chad Baxter
|
|
Pitching: RHP Erick Vazquez
|
|
|
Batting: SHB Spencer Jones
|
0-0: Swinging Strike 0-1: Ball 1-1: Called Strike 1-2: Strikes out swinging
|
|
Batting: RHB Donny Burnside
|
0-0: Ball 1-0: Ball 2-0: Ground out U3 (Groundball, 34, EV 106.9 MPH)
|
|
Batting: LHB Jose Bregaro
|
0-0: Called Strike 0-1: Foul Ball, location: 2F 0-2: Strikes out swinging
|
| Top of the 7th over - 0 runs, 0 hits, 0 errors, 0 left on base; New Hampshire 2 - Arkansas 1 |
| BOTTOM OF THE 7TH |
|
Arkansas Travelers batting - Pitching for New Hampshire Fisher Cats : RHP Cody Walsh
|
|
Batting: RHB Jasper Burd
|
0-0: Called Strike 0-1: Ball 1-1: Fly out, F8 (Flyball, 8LM, EV 88.1 MPH)
|
|
Batting: RHB Luis Romero
|
0-0: Ground out 6-3 (Groundball, 6, EV 104.4 MPH)
|
|
Batting: LHB Matt Calitri
|
0-0: Ball 1-0: Swinging Strike 1-1: Foul Ball, location: 2F 1-2: Ball 2-2: SINGLE (Line Drive, 4MD, EV 96.3 MPH)
|
|
Batting: LHB Sean Corderman
|
0-0: Called Strike 0-1: Ball 1-1: Ground out U3 (Groundball, 34S, EV 82.5 MPH)
|
| Bottom of the 7th over - 0 runs, 1 hit, 0 errors, 1 left on base; New Hampshire 2 - Arkansas 1 |
| TOP OF THE 8TH |
|
New Hampshire Fisher Cats batting - Pitching for Arkansas Travelers : RHP Erick Vazquez
|
|
Batting: LHB Rodrigo Briceno
|
0-0: Called Strike 0-1: Called Strike 0-2: Ground out 1-3 (Groundball, 34S, EV 68.1 MPH)
|
|
Batting: SHB Eduardo Maldonado
|
0-0: Ball 1-0: Ball 2-0: Swinging Strike 2-1: Ground out 3-1 (Groundball, 34, EV 100.6 MPH)
|
|
Batting: RHB Greg Callaghan
|
0-0: Ball 1-0: Ball 2-0: Foul Ball, location: 2F 2-1: SINGLE (Groundball, 6MS, EV 63.1 MPH) (infield hit)
|
|
Batting: RHB Porter Welsh
|
0-0: Called Strike Greg Callaghan is caught stealing 2nd base 2-4
|
| Top of the 8th over - 0 runs, 1 hit, 0 errors, 0 left on base; New Hampshire 2 - Arkansas 1 |
| BOTTOM OF THE 8TH |
|
Arkansas Travelers batting - Pitching for New Hampshire Fisher Cats : RHP Cody Walsh
|
|
Batting: RHB David Young
|
0-0: Swinging Strike 0-1: Fly out, F8 (Flyball, 8LD, EV 85.0 MPH)
|
|
Batting: LHB Tyler Meier
|
0-0: Called Strike 0-1: Foul Ball, location: 2F 0-2: Ground out 4-3 (Groundball, 4, EV 90.0 MPH)
|
|
Batting: RHB Bjoern Waltersson
|
0-0: Called Strike 0-1: Ball 1-1: Ball 2-1: Ball 3-1: Called Strike 3-2: Strikes out swinging
|
| Bottom of the 8th over - 0 runs, 0 hits, 0 errors, 0 left on base; New Hampshire 2 - Arkansas 1 |
| TOP OF THE 9TH |
|
New Hampshire Fisher Cats batting - Pitching for Arkansas Travelers : RHP Erick Vazquez
|
|
Pitching: LHP Tim Siddens
|
|
|
Batting: RHB Porter Welsh
|
0-0: Ball 1-0: Ball 2-0: Foul Ball, location: 2F 2-1: Foul Ball, location: 2F 2-2: Hit by Pitch
|
|
Batting: RHB Jorge Baret
|
0-0: Ball 1-0: Ball 2-0: Bunted foul 2-1: Ball 3-1: Ball Porter Welsh to second
|
|
Batting: RHB Cyril Husson
|
0-0: Bunt missed! 0-1: Sac Bunt to 13S - play at first, batter OUT! 1-4 Porter Welsh to third Jorge Baret to second
|
|
Batting: SHB Spencer Jones
|
0-0: Called Strike 0-1: Ball 1-1: Ball 2-1: Swinging Strike 2-2: Foul Ball, location: 2F 2-2: Foul Ball, location: 2F 2-2: Foul Ball, location: 2F 2-2: Strikes out swinging
|
|
Batting: RHB Donny Burnside
|
0-0: Called Strike 0-1: Ball 1-1: Ball 2-1: Ball 3-1: Base on Balls
|
|
Batting: LHB Jose Bregaro
|
0-0: Called Strike 0-1: Swinging Strike 0-2: Strikes out swinging
|
| Top of the 9th over - 0 runs, 0 hits, 0 errors, 3 left on base; New Hampshire 2 - Arkansas 1 |
| BOTTOM OF THE 9TH |
|
Arkansas Travelers batting - Pitching for New Hampshire Fisher Cats : RHP Cody Walsh
|
|
Pitching: LHP Julio Gonzalez
|
|
|
Batting: RHB Andres Mendiola
|
0-0: Ball 1-0: Ball 2-0: Foul Ball, location: 2F 2-1: Swinging Strike 2-2: Strikes out swinging
|
|
Batting: SHB Mario Padron
|
0-0: Ball 1-0: Called Strike 1-1: Swinging Strike 1-2: Strikes out swinging
|
|
Batting: RHB Jasper Burd
|
0-0: Foul Ball, location: 2F 0-1: Foul Ball, location: 2F 0-2: Ball 1-2: Ball 2-2: Ground out U3 (Groundball, 3L, EV 108.8 MPH)
|
| Bottom of the 9th over - 0 runs, 0 hits, 0 errors, 0 left on base; New Hampshire 2 - Arkansas 1 |
|